[Event "Hungary Olimpic Hopes 2022"]
[Site "Tapolca"]
[Date "2022.06.23"]
[Round "1.19"]
[White "Illes-Nagy, Nora"]
[Black "Vasenszky, Kata Sara"]
[Result "1-0"]
[ECO "A40"]
[WhiteElo "1297"]
[BlackElo "1051"]
[Annotator "NA RC"]
[PlyCount "41"]
[EventDate "2022.06.23"]
[EventType "swiss"]
[EventCountry "HUN"]
[SourceTitle "playchess.com"]
[Source "ChessBase"]
[SourceQuality "1"]
[TimeControl "5400+30"]

1. d4 c6 2. c4 d5 3. Nc3 Bf5 4. cxd5 cxd5 5. Qb3 Qd7 6. Qxd5 Nc6 7. a3 Qxd5 8. Nxd5 O-O-O 9. Nb4 Nxd4 10. Bd2 Nb3 11. Rd1 a5 12. Nd3 Nf6 13. f3 b6 14. e4 Be6 15. Nf4 Bd7 16. Bc3 Ba4 17. Ba6+ Kc7 18. Be5+ Rd6 19. Bxd6+ exd6 20. Nd5+ Nxd5 21. Rxd5 1-0

[Event "Hungary Olimpic Hopes 2022"]
[Site "Tapolca"]
[Date "2022.06.23"]
[Round "2.1"]
[White "Megyaszai, Balazs"]
[Black "Kolimar, Kristof Pal"]
[Result "0-1"]
[ECO "B42"]
[WhiteElo "1945"]
[BlackElo "2203"]
[Annotator "RC"]
[PlyCount "80"]
[EventDate "2022.06.23"]
[EventType "swiss"]
[EventCountry "HUN"]
[SourceTitle "playchess.com"]
[Source "ChessBase"]
[SourceQuality "1"]
[TimeControl "5400+30"]

1. e4 c5 2. Nf3 e6 3. d4 cxd4 4. Nxd4 a6 5. Bd3 Qb6 6. Be3 Qxb2 7. Nd2 Qc3 8. O-O Qc7 9. a4 d6 10. Rb1 Nf6 11. Qf3 Be7 12. Qg3 e5 13. Ne2 Be6 14. Rb2 Nbd7 15. Rfb1 Rb8 16. Ba7 O-O 17. Bxb8 Rxb8 18. Nb3 d5 19. exd5 Bxd5 20. Bf5 Ba3 21. Ra2 Bd6 22. Rab2 e4 23. Qh3 Nb6 24. Rd1 Be5 25. Ra2 a5 26. Qh4 Rd8 27. Re1 g6 28. Bh3 Bxh2+ 29. Kh1 Be5 30. Kg1 Kg7 31. g3 h6 32. Bg2 Nc4 33. Nf4 Bc6 34. Ne2 Qb6 35. Rf1 Nd6 36. Qh1 Nf5 37. Qh3 h5 38. Kh1 Ng4 39. Kg1 Rd1 40. Ra1 Qxf2+ 0-1

[Event "Hungary Olimpic Hopes 2022"]
[Site "Tapolca"]
[Date "2022.06.23"]
[Round "2.2"]
[White "Bodrogi, Bendeguz"]
[Black "Csontos, Aron"]
[Result "1-0"]
[ECO "A05"]
[WhiteElo "2198"]
[BlackElo "1934"]
[Annotator "NA RC"]
[PlyCount "157"]
[EventDate "2022.06.23"]
[EventType "swiss"]
[EventCountry "HUN"]
[SourceTitle "playchess.com"]
[Source "ChessBase"]
[SourceQuality "1"]
[TimeControl "5400+30"]

1. Nf3 Nf6 2. g3 d5 3. Bg2 c5 4. c4 d4 5. e3 Nc6 6. exd4 cxd4 7. d3 e5 8. O-O Bd6 9. Bg5 h6 10. Bxf6 Qxf6 11. a3 a5 12. Re1 O-O 13. Nbd2 Qd8 14. Qc2 Be6 15. c5 Bc7 16. Nc4 f6 17. b4 axb4 18. axb4 Nxb4 19. Qb3 Rxa1 20. Rxa1 Na6 21. Qb5 Bd5 22. Nfd2 Bxg2 23. Kxg2 Qd5+ 24. Kg1 Rd8 25. Nb3 f5 26. Nb6 Bxb6 27. Qxb6 Rc8 28. Rc1 Nb8 29. Na5 Nd7 30. Qxb7 Rxc5 31. Rxc5 Qxc5 32. Qxd7 Qxa5 33. Qc8+ Kf7 34. Qxf5+ Ke7 35. h4 Qc7 36. Kg2 Qd6 37. g4 g6 38. Qf3 Ke6 39. h5 gxh5 40. Qf5+ Kd5 41. gxh5 Kc5 42. f4 Qd5+ 43. Kg3 Qg8+ 44. Qg6 exf4+ 45. Kxf4 Qb8+ 46. Kf5 Qb1 47. Kf6 Kb4 48. Ke5 Kc3 49. Qc6+ Kd2 50. Qxh6+ Ke2 51. Qg6 Qb8+ 52. Kxd4 Qd8+ 53. Ke5 Qa5+ 54. Kf4 Qc7+ 55. Kg5 Qg3+ 56. Kh6 Qf4+ 57. Kh7 Qc7+ 58. Qg7 Qc5 59. Qg6 Qe7+ 60. Kg8 Qd8+ 61. Kf7 Qd7+ 62. Kf8 Kd1 63. h6 Qd8+ 64. Kg7 Qe7+ 65. Qf7 Qg5+ 66. Kh7 Qg3 67. Qf5 Qd6 68. Kg7 Qe7+ 69. Kg6 Qe8+ 70. Kg5 Qe3+ 71. Kh5 Qe8+ 72. Kg4 Qg8+ 73. Kh3 Qe8 74. h7 Qe3+ 75. Kg2 Qh6 76. Qe4 Qg5+ 77. Kf2 Qg7 78. Qh1+ Kd2 79. h8=Q 1-0

[Event "Hungary Olimpic Hopes 2022"]
[Site "Tapolca"]
[Date "2022.06.23"]
[Round "2.3"]
[White "Szakmary, Domonkos"]
[Black "Turcsanyi, Vince Gergo"]
[Result "0-1"]
[ECO "C55"]
[WhiteElo "1934"]
[BlackElo "2120"]
[Annotator "NA RC"]
[PlyCount "63"]
[EventDate "2022.06.23"]
[EventType "swiss"]
[EventCountry "HUN"]
[SourceTitle "playchess.com"]
[Source "ChessBase"]
[SourceQuality "1"]
[TimeControl "5400+30"]

1. e4 e5 2. Nf3 Nc6 3. Bc4 Nf6 4. d3 Be7 5. Nc3 d6 6. a3 O-O 7. h3 Kh8 8. Be3 Na5 9. Ba2 c5 10. Nd5 Nc6 11. c3 Nxd5 12. Bxd5 f5 13. Qe2 f4 14. Bd2 Qc7 15. b4 Nd8 16. d4 cxd4 17. cxd4 Bf6 18. Rc1 Qe7 19. b5 exd4 20. Bb4 Re8 21. O-O Be6 22. Qd2 Qf7 23. Qxf4 Bxd5 24. exd5 Qxd5 25. Qxd6 Qxd6 26. Bxd6 Ne6 27. Be5 Bxe5 28. Nxe5 Nf4 29. Nf7+ Kg8 30. Rc7 d3 31. Rd1 Re2 32. Kf1 0-1

[Event "Hungary Olimpic Hopes 2022"]
[Site "Tapolca"]
[Date "2022.06.23"]
[Round "2.4"]
[White "Szegedy, Matyas"]
[Black "Szabo-Toth, Gabor"]
[Result "1/2-1/2"]
[ECO "C50"]
[WhiteElo "2046"]
[BlackElo "1903"]
[Annotator "NA RC"]
[PlyCount "72"]
[EventDate "2022.06.23"]
[EventType "swiss"]
[EventCountry "HUN"]
[SourceTitle "playchess.com"]
[Source "ChessBase"]
[SourceQuality "1"]
[TimeControl "5400+30"]

1. e4 e5 2. Nf3 Nc6 3. Bc4 Bc5 4. d3 Nf6 5. c3 Bb6 6. O-O O-O 7. Re1 d6 8. h3 Ne7 9. Nbd2 Ng6 10. Nf1 c6 11. Bb3 h6 12. d4 Qe7 13. Ng3 Re8 14. Nf5 Qf8 15. dxe5 dxe5 16. Qd6 Bxf5 17. Qxf8+ Nxf8 18. exf5 e4 19. Nd2 Bc5 20. Nc4 Rad8 21. Bf4 Nd5 22. Bg3 e3 23. Rad1 exf2+ 24. Bxf2 Bxf2+ 25. Kxf2 Rxe1 26. Rxe1 Nd7 27. Kf3 Nc5 28. Bc2 Kf8 29. a3 Nb6 30. Na5 Rd2 31. Re2 Rxe2 32. Kxe2 Nca4 33. Bxa4 Nxa4 34. Nxb7 Ke7 35. Na5 Kd6 36. b4 Nxc3+ 1/2-1/2

[Event "Hungary Olimpic Hopes 2022"]
[Site "Tapolca"]
[Date "2022.06.23"]
[Round "2.5"]
[White "Karacsonyi, Luca"]
[Black "Eros, Vivien"]
[Result "1/2-1/2"]
[ECO "C02"]
[WhiteElo "1834"]
[BlackElo "1592"]
[Annotator "NA"]
[PlyCount "78"]
[EventDate "2022.06.23"]
[EventType "swiss"]
[EventCountry "HUN"]
[SourceTitle "playchess.com"]
[Source "ChessBase"]
[SourceQuality "1"]
[TimeControl "5400+30"]

1. e4 e6 2. d4 d5 3. e5 c5 4. c3 Nc6 5. Nf3 Qb6 6. a3 a5 7. Bd3 Bd7 8. Bc2 cxd4 9. cxd4 Nge7 10. O-O Ng6 11. Nc3 Be7 12. Rb1 O-O 13. Be3 Rac8 14. Qe2 Qa7 15. Rfd1 Qb8 16. Rbc1 Na7 17. h4 Rfd8 18. Bg5 Nc6 19. Bxe7 Ncxe7 20. g3 b5 21. Bd3 b4 22. Nb5 Bxb5 23. Bxb5 bxa3 24. bxa3 Rxc1 25. Rxc1 Rc8 26. Rxc8+ Qxc8 27. Qd2 Qc7 28. a4 Nc8 29. Bd3 Nge7 30. Qb2 g6 31. Kg2 Nc6 32. Qc3 Qb6 33. Be2 N8e7 34. g4 Qb4 35. Qa1 Nc8 36. Bb5 N6a7 37. Bd3 Nb6 38. Bc2 Nc6 39. Bd3 Na7 1/2-1/2

[Event "Hungary Olimpic Hopes 2022"]
[Site "Tapolca"]
[Date "2022.06.23"]
[Round "2.6"]
[White "Beznicza, Mira"]
[Black "Szarvas, Nora Orsolya"]
[Result "1/2-1/2"]
[ECO "B26"]
[WhiteElo "1635"]
[BlackElo "1669"]
[Annotator "NA RC"]
[PlyCount "61"]
[EventDate "2022.06.23"]
[EventType "swiss"]
[EventCountry "HUN"]
[SourceTitle "playchess.com"]
[Source "ChessBase"]
[SourceQuality "1"]
[TimeControl "5400+30"]

1. e4 c5 2. Nc3 Nc6 3. g3 g6 4. Bg2 Bg7 5. d3 d6 6. Be3 Nf6 7. f3 a6 8. Qd2 Rb8 9. Nge2 b5 10. Bh6 O-O 11. h4 d5 12. h5 e6 13. hxg6 fxg6 14. Bxg7 Kxg7 15. Qh6+ Kg8 16. g4 Qd7 17. Nf4 d4 18. Nce2 e5 19. g5 exf4 20. gxf6 Rxf6 21. Nxf4 Qg7 22. Nd5 Rf7 23. Kd2 Qxh6+ 24. Rxh6 Be6 25. Bh3 Bxd5 26. exd5 Nd8 27. Bg4 Rb6 28. Re1 Kf8 29. Reh1 Kg8 30. Re1 Kf8 31. Reh1 1/2-1/2

[Event "Hungary Olimpic Hopes 2022"]
[Site "Tapolca"]
[Date "2022.06.23"]
[Round "2.7"]
[White "Toth, Timea"]
[Black "Horvath, Greta"]
[Result "1-0"]
[ECO "C45"]
[WhiteElo "1964"]
[BlackElo "1365"]
[Annotator "NA RC"]
[PlyCount "29"]
[EventDate "2022.06.23"]
[EventType "swiss"]
[EventCountry "HUN"]
[SourceTitle "playchess.com"]
[Source "ChessBase"]
[SourceQuality "1"]
[TimeControl "5400+30"]

1. e4 e5 2. Nf3 Nc6 3. d4 exd4 4. Nxd4 Bc5 5. Be3 Qf6 6. Nb5 Bxe3 7. fxe3 Qh4+ 8. g3 Qxe4 9. Nxc7+ Kd8 10. Nxa8 Qxh1 11. Qg4 Ne5 12. Qxg7 Nf3+ 13. Kf2 Qg1+ 14. Ke2 b6 15. Qf8# 1-0

[Event "Hungary Olimpic Hopes 2022"]
[Site "Tapolca"]
[Date "2022.06.23"]
[Round "2.8"]
[White "Lazsadi, Kerka Lilla"]
[Black "Kovacs, Reka"]
[Result "1/2-1/2"]
[ECO "B20"]
[WhiteElo "1755"]
[BlackElo "1685"]
[Annotator "NA RC"]
[PlyCount "69"]
[EventDate "2022.06.23"]
[EventType "swiss"]
[EventCountry "HUN"]
[SourceTitle "playchess.com"]
[Source "ChessBase"]
[SourceQuality "1"]
[TimeControl "5400+30"]

1. e4 c5 2. c4 Nc6 3. Nc3 Nf6 4. g3 e5 5. Bg2 Be7 6. Nge2 O-O 7. O-O d6 8. d3 Be6 9. f4 g6 10. f5 Bd7 11. Bh3 Kh8 12. Kh1 Rg8 13. Ng1 Nd4 14. fxg6 fxg6 15. Bg5 Rf8 16. Qd2 Bxh3 17. Nxh3 Qd7 18. Bxf6+ Bxf6 19. Kg2 Rf7 20. Rf2 Raf8 21. Raf1 Bd8 22. Rxf7 Rxf7 23. Rxf7 Qxf7 24. Qf2 Qxf2+ 25. Nxf2 Bg5 26. Nd5 Kg7 27. h4 Bc1 28. b4 cxb4 29. Nxb4 Ba3 30. Nd5 Ne2 31. Kf3 Ng1+ 32. Kg2 Ne2 33. Kf3 Ng1+ 34. Kg2 Ne2 35. Kf3 1/2-1/2

[Event "Hungary Olimpic Hopes 2022"]
[Site "Tapolca"]
[Date "2022.06.23"]
[Round "2.9"]
[White "Sass, Oscar"]
[Black "Lehocz, Jozsef Jr."]
[Result "1/2-1/2"]
[ECO "C00"]
[WhiteElo "1439"]
[BlackElo "1963"]
[Annotator "NA RC"]
[PlyCount "120"]
[EventDate "2022.06.23"]
[EventType "swiss"]
[EventCountry "HUN"]
[SourceTitle "playchess.com"]
[Source "ChessBase"]
[SourceQuality "1"]
[TimeControl "5400+30"]

1. e4 e6 2. d4 b6 3. Nf3 Bb7 4. Nc3 Bb4 5. Bd3 Nf6 6. Bg5 h6 7. Bxf6 Qxf6 8. a3 Bxc3+ 9. bxc3 d6 10. O-O Nd7 11. Qe2 O-O 12. Ba6 Bc6 13. Bb5 Bxb5 14. Qxb5 Qe7 15. Rfe1 Rfd8 16. Rad1 a5 17. a4 Rac8 18. c4 Qe8 19. Qc6 Nb8 20. Qxe8+ Rxe8 21. c3 Nd7 22. g3 g6 23. Nh4 Red8 24. f4 Kg7 25. Nf3 Re8 26. Kg2 Rcd8 27. h3 e5 28. Kf2 Kf6 29. Nh2 Kg7 30. Nf3 f6 31. Nh4 Re7 32. f5 Nf8 33. fxg6 Re6 34. g4 Nxg6 35. Nxg6 Kxg6 36. d5 Re7 37. Kg3 Rg8 38. Rf1 Reg7 39. Rf5 Kf7 40. Rdf1 Rg6 41. R1f3 Ke7 42. Kf2 Rc8 43. h4 Rf8 44. Kg3 Rfg8 45. Kh3 Rxg4 46. Rxf6 h5 47. Re6+ Kd8 48. Re3 Rg1 49. Kh2 R8g2+ 50. Kh3 Rg4 51. Kh2 Rg6 52. Rxg6 Rxg6 53. Rg3 Rxg3 54. Kxg3 c6 55. dxc6 Kc7 56. Kf3 Kxc6 57. Ke3 Kd7 58. Kd2 Kc6 59. Ke3 Kb7 60. Kd2 Kc7 1/2-1/2

[Event "Hungary Olimpic Hopes 2022"]
[Site "Tapolca"]
[Date "2022.06.23"]
[Round "2.10"]
[White "Horvath, Andras"]
[Black "Bod, Marton"]
[Result "0-1"]
[ECO "B83"]
[WhiteElo "1415"]
[BlackElo "1738"]
[Annotator "NA RC"]
[PlyCount "60"]
[EventDate "2022.06.23"]
[EventType "swiss"]
[EventCountry "HUN"]
[SourceTitle "playchess.com"]
[Source "ChessBase"]
[SourceQuality "1"]
[TimeControl "5400+30"]

1. e4 c5 2. Nf3 e6 3. d4 cxd4 4. Nxd4 Nf6 5. Nc3 d6 6. Be2 b6 7. O-O Bb7 8. f3 a6 9. Bg5 Nbd7 10. Qd2 Be7 11. Rad1 Qc7 12. Bd3 Nc5 13. Rde1 h6 14. Be3 Rd8 15. Qf2 d5 16. exd5 Nxd5 17. Nxd5 Bxd5 18. Kh1 O-O 19. Qd2 Nxd3 20. cxd3 Bf6 21. Rc1 Qd6 22. Rfe1 Bxa2 23. Ra1 Bxd4 24. Rxa2 Bxe3 25. Rxe3 a5 26. Ra1 Qd4 27. Rc1 Rc8 28. Rd1 Rfd8 29. Re4 Qxd3 30. Qe1 Qxd1 0-1

[Event "Hungary Olimpic Hopes 2022"]
[Site "Tapolca"]
[Date "2022.06.23"]
[Round "2.11"]
[White "Horvath, Matyas Sandor"]
[Black "Juhasz, Edmond"]
[Result "0-1"]
[ECO "C44"]
[WhiteElo "1354"]
[BlackElo "1479"]
[Annotator "NA"]
[PlyCount "132"]
[EventDate "2022.06.23"]
[EventType "swiss"]
[EventCountry "HUN"]
[SourceTitle "playchess.com"]
[Source "ChessBase"]
[SourceQuality "1"]
[TimeControl "5400+30"]

1. e4 e5 2. Nf3 Nc6 3. c3 Bc5 4. d4 exd4 5. cxd4 Bb4+ 6. Bd2 Bxd2+ 7. Nbxd2 d6 8. Bb5 Bd7 9. O-O Nge7 10. h3 O-O 11. Re1 Ng6 12. a3 a6 13. Bc4 Qf6 14. d5 Nce5 15. Nxe5 Nxe5 16. Ba2 Nd3 17. Rf1 Nxb2 18. Qc2 Bb5 19. Nc4 Bxc4 20. Bxc4 Nxc4 21. Qxc4 Qe7 22. Rac1 Rac8 23. Rc3 Rfe8 24. f3 Qd7 25. Rfc1 Re7 26. Qb3 Qb5 27. Qxb5 axb5 28. Rb1 c6 29. Rxb5 Rec7 30. dxc6 bxc6 31. Rb6 f6 32. Kf2 Kf7 33. Ke3 Ke7 34. f4 Kd7 35. Rcb3 Re8 36. Kd3 Ra8 37. Rc3 d5 38. exd5 cxd5 39. Rxc7+ Kxc7 40. Rb3 Ra4 41. f5 Rf4 42. g4 Ra4 43. Ke3 Kc6 44. Rd3 d4+ 45. Rxd4 Rxa3+ 46. Rd3 Rxd3+ 47. Kxd3 Kd5 48. h4 Kc5 49. h5 Kd5 50. Ke3 Ke5 51. Kf3 Kd4 52. Kf4 h6 53. Kf3 Kd3 54. Kf4 Ke2 55. Ke4 Kf2 56. Kd5 Kg3 57. Ke6 Kxg4 58. Kf7 Kxf5 59. Kxg7 Kg5 60. Kf7 f5 61. Kg7 f4 62. Kh7 f3 63. Kg8 f2 64. Kg7 f1=Q 65. Kg8 Qf6 66. Kh7 Qe7+ 0-1

[Event "Hungary Olimpic Hopes 2022"]
[Site "Tapolca"]
[Date "2022.06.23"]
[Round "2.12"]
[White "Kerekes, Laszlo Fulop"]
[Black "Bardics, Marko"]
[Result "1-0"]
[ECO "A56"]
[WhiteElo "1455"]
[BlackElo "1417"]
[Annotator "NA RC"]
[PlyCount "41"]
[EventDate "2022.06.23"]
[EventType "swiss"]
[EventCountry "HUN"]
[SourceTitle "playchess.com"]
[Source "ChessBase"]
[SourceQuality "1"]
[TimeControl "5400+30"]

1. d4 Nf6 2. c4 c5 3. Nf3 b6 4. Nc3 Bb7 5. d5 e6 6. d6 g6 7. Nb5 Na6 8. Bf4 Bg7 9. g3 O-O 10. Bg2 Be4 11. Nc7 Nb4 12. O-O Ne8 13. Nxa8 Qxa8 14. a3 Na6 15. b4 Bxa1 16. Qxa1 cxb4 17. Bh6 f6 18. Bxf8 Kxf8 19. axb4 Nxb4 20. Qa4 Nc6 21. c5 1-0

[Event "Hungary Olimpic Hopes 2022"]
[Site "Tapolca"]
[Date "2022.06.23"]
[Round "2.13"]
[White "Balogh, Gerda"]
[Black "Biro, Beata"]
[Result "0-1"]
[ECO "C02"]
[WhiteElo "1531"]
[BlackElo "1480"]
[Annotator "NA RC"]
[PlyCount "90"]
[EventDate "2022.06.23"]
[EventType "swiss"]
[EventCountry "HUN"]
[SourceTitle "playchess.com"]
[Source "ChessBase"]
[SourceQuality "1"]
[TimeControl "5400+30"]

1. e4 e6 2. d4 d5 3. e5 c5 4. c3 Nc6 5. Nf3 Nge7 6. Be2 cxd4 7. cxd4 Nf5 8. O-O Qb6 9. Be3 Qxb2 10. Nbd2 Ncxd4 11. Nxd4 Nxd4 12. Bd3 Nc6 13. f4 Bd7 14. Qf3 Qc3 15. Be2 d4 16. Nc4 dxe3 17. Nxe3 Bc5 18. Kf2 O-O 19. Rac1 Bxe3+ 20. Qxe3 Qxe3+ 21. Kxe3 f6 22. Rb1 b6 23. Rfc1 fxe5 24. fxe5 Nxe5 25. Rc7 Rfc8 26. Rxc8+ Rxc8 27. Ba6 Rc2 28. Ke4 Ng4 29. h3 Nf6+ 30. Kd3 Rxa2 31. Bc4 Rxg2 32. Ke3 Rg3+ 33. Kf4 Rxh3 34. Ke5 Kf7 35. Kf4 Rh4+ 36. Ke5 Rxc4 37. Kd6 h5 38. Rh1 a5 39. Rh2 h4 40. Ra2 a4 41. Rh2 a3 42. Ra2 Ra4 43. Ra1 a2 44. Ke5 Ke7 45. Rb1 Re4# 0-1

[Event "Hungary Olimpic Hopes 2022"]
[Site "Tapolca"]
[Date "2022.06.23"]
[Round "2.14"]
[White "Molnar, Dalma Reka"]
[Black "Torok, Rita"]
[Result "1-0"]
[ECO "C47"]
[WhiteElo "1554"]
[BlackElo "1359"]
[Annotator "NA RC"]
[PlyCount "73"]
[EventDate "2022.06.23"]
[EventType "swiss"]
[EventCountry "HUN"]
[SourceTitle "playchess.com"]
[Source "ChessBase"]
[SourceQuality "1"]
[TimeControl "5400+30"]

1. e4 e5 2. Nf3 Nc6 3. Nc3 Nf6 4. a3 a6 5. d4 d6 6. dxe5 dxe5 7. Qxd8+ Kxd8 8. Bc4 Be6 9. Bxe6 fxe6 10. Be3 Ke7 11. O-O-O h6 12. h3 Kf7 13. Rd2 Bd6 14. Rhd1 Rad8 15. b4 b5 16. Bc5 Bxc5 17. Rxd8 Rxd8 18. Rxd8 Nxd8 19. Nxe5+ Ke8 20. bxc5 Nd7 21. Nd3 c6 22. e5 a5 23. f4 b4 24. axb4 axb4 25. Ne4 Nb7 26. Nd6+ Nxd6 27. cxd6 c5 28. Kb2 Kd8 29. Kb3 Kc8 30. Kc4 g5 31. Nxc5 Nb6+ 32. Kd4 gxf4 33. Nxe6 Kd7 34. Nxf4 Na4 35. Nd3 Nc3 36. Nxb4 Ne2+ 37. Ke3 1-0

[Event "Hungary Olimpic Hopes 2022"]
[Site "Tapolca"]
[Date "2022.06.23"]
[Round "2.17"]
[White "Hegedus, Zsombor"]
[Black "Hangay, Oliver"]
[Result "1/2-1/2"]
[ECO "C54"]
[WhiteElo "1320"]
[BlackElo "1627"]
[Annotator "NA RC"]
[PlyCount "40"]
[EventDate "2022.06.23"]
[EventType "swiss"]
[EventCountry "HUN"]
[SourceTitle "playchess.com"]
[Source "ChessBase"]
[SourceQuality "1"]
[TimeControl "5400+30"]

1. e4 e5 2. Nf3 Nc6 3. Bc4 Bc5 4. c3 Nf6 5. d4 exd4 6. cxd4 Bb4+ 7. Bd2 Bxd2+ 8. Nbxd2 d5 9. exd5 Nxd5 10. Qb3 Be6 11. O-O Rb8 12. Rfe1 O-O 13. a3 a6 14. Qd3 Qd7 15. Ne5 Nxe5 16. dxe5 Nb6 17. Qxd7 Bxd7 18. Rac1 Rfe8 19. f4 Rbd8 20. Nf3 h6 1/2-1/2

[Event "Hungary Olimpic Hopes 2022"]
[Site "Tapolca"]
[Date "2022.06.23"]
[Round "2.18"]
[White "Papai, Mate"]
[Black "Matejcsek, Vajk"]
[Result "1/2-1/2"]
[ECO "D20"]
[WhiteElo "1406"]
[BlackElo "1319"]
[Annotator "NA RC"]
[PlyCount "118"]
[EventDate "2022.06.23"]
[EventType "swiss"]
[EventCountry "HUN"]
[SourceTitle "playchess.com"]
[Source "ChessBase"]
[SourceQuality "1"]
[TimeControl "5400+30"]

1. d4 d5 2. c4 dxc4 3. e4 Nc6 4. d5 Ne5 5. Bf4 f6 6. Bxe5 fxe5 7. Bxc4 Nf6 8. Nc3 g6 9. Nf3 Qd6 10. a3 Bd7 11. b4 O-O-O 12. b5 Bh6 13. O-O Rhe8 14. a4 e6 15. a5 exd5 16. Bxd5 Nxd5 17. Nxd5 Bxb5 18. Re1 c6 19. Qc2 Kb8 20. Nc3 Qd3 21. Qb2 Bd2 22. Nxd2 Qxd2 23. Qb3 Rf8 24. Nxb5 cxb5 25. Qxb5 Qxf2+ 26. Kh1 Rde8 27. a6 Qb6 28. Qd7 Qc7 29. Qxc7+ Kxc7 30. axb7 Kxb7 31. Reb1+ Ka8 32. g3 Rf7 33. Ra5 Rd7 34. Rbb5 Rde7 35. Kg2 h5 36. Kh3 g5 37. Rd5 Kb7 38. Rd6 Rh7 39. Rda6 Ka8 40. Rg6 g4+ 41. Kh4 Rf8 42. Rxe5 Rf2 43. Re8+ Kb7 44. e5 Rxh2+ 45. Kg5 Rg2 46. e6 Rxg3 47. Rf6 Rf3 48. Rxf3 gxf3 49. Rf8 Kc6 50. Rxf3 Kd6 51. Re3 Ke7 52. Kf5 h4 53. Ra3 Rh5+ 54. Kg4 Re5 55. Rxa7+ Kxe6 56. Kf4 Rf5+ 57. Kg4 Rf7 58. Ra6+ Ke7 59. Kxh4 Rf6 1/2-1/2

[Event "Hungary Olimpic Hopes 2022"]
[Site "Tapolca"]
[Date "2022.06.23"]
[Round "2.19"]
[White "Hangyal, Anna"]
[Black "Illes-Nagy, Nora"]
[Result "0-1"]
[ECO "B48"]
[WhiteElo "1105"]
[BlackElo "1297"]
[Annotator "NA RC"]
[PlyCount "48"]
[EventDate "2022.06.23"]
[EventType "swiss"]
[EventCountry "HUN"]
[SourceTitle "playchess.com"]
[Source "ChessBase"]
[SourceQuality "1"]
[TimeControl "5400+30"]

1. e4 c5 2. Nf3 e6 3. d4 cxd4 4. Nxd4 Nc6 5. Nc3 Qc7 6. Be3 a6 7. Bc4 Nf6 8. O-O Bb4 9. Qd3 Ng4 10. f4 Nxe3 11. Qxe3 Nxd4 12. Qxd4 Bc5 13. Rad1 Bxd4+ 14. Rxd4 b5 15. Bb3 Bb7 16. Rfd1 Bc6 17. f5 Qa7 18. Kh1 Qc7 19. Kg1 g6 20. Rf1 Qe5 21. Rdd1 gxf5 22. exf5 Rg8 23. g3 Rxg3+ 24. Kf2 Qe3# 0-1

[Event "Hungary Olimpic Hopes 2022"]
[Site "Tapolca"]
[Date "2022.06.23"]
[Round "2.20"]
[White "Hangay, Lilla"]
[Black "Csiszar, Vivien"]
[Result "0-1"]
[ECO "B32"]
[WhiteElo "1239"]
[BlackElo "1082"]
[Annotator "NA RC"]
[PlyCount "74"]
[EventDate "2022.06.23"]
[EventType "swiss"]
[EventCountry "HUN"]
[SourceTitle "playchess.com"]
[Source "ChessBase"]
[SourceQuality "1"]
[TimeControl "5400+30"]

1. e4 c5 2. Nf3 Nc6 3. d4 cxd4 4. Nxd4 e5 5. Nb5 Nf6 6. N1c3 d6 7. Bg5 a6 8. Na3 d5 9. Nxd5 Bxa3 10. bxa3 Qa5+ 11. Bd2 Qd8 12. Qf3 Nxd5 13. exd5 Nd4 14. Qe4 Qc7 15. c3 Bf5 16. d6 Bxe4 17. dxc7 Nc2+ 18. Ke2 Nxa1 19. Ke3 Bg6 20. Bc1 Nc2+ 21. Kd2 Rc8 22. Bd3 Bxd3 23. Kxd3 Rxc7 24. Kxc2 Ke7 25. Re1 f6 26. f4 Rc5 27. Be3 Ra5 28. c4 e4 29. g4 Rc8 30. Kb3 b5 31. c5 Rc6 32. Bd2 Ra4 33. Rc1 Ke6 34. f5+ Kd5 35. Rd1 Rd4 36. Kc2 Rxc5+ 37. Kb2 e3 0-1

[Event "Hungary Olimpic Hopes 2022"]
[Site "Tapolca"]
[Date "2022.06.24"]
[Round "3.1"]
[White "Kolimar, Kristof Pal"]
[Black "Turcsanyi, Vince Gergo"]
[Result "1/2-1/2"]
[ECO "A05"]
[WhiteElo "2203"]
[BlackElo "2120"]
[Annotator "TA"]
[PlyCount "54"]
[EventDate "2022.06.23"]
[EventType "swiss"]
[EventCountry "HUN"]
[SourceTitle "playchess.com"]
[Source "ChessBase"]
[SourceQuality "1"]
[TimeControl "5400+30"]

1. Nf3 Nf6 2. c4 e6 3. g3 d5 4. Bg2 Be7 5. d4 O-O 6. O-O dxc4 7. Qc2 b6 {[%emt 0:00:12] E05: Open Catalan: 5 Nf3 Be7.} 8. Bg5 Nd5 9. Bxe7 Qxe7 {[%emt 0:00:22] White has an edge.} 10. Ne5 c5 11. dxc5 Qxc5 12. Qxc4 Qxc4 13. Nxc4 Ba6 14. Ne3 {[%emt 0:04:24] [#]} Bb7 $146 (14... Bxe2 $2 15. Re1 (15. Nxd5 exd5 16. Re1 Bb5 $16) 15... Bb5 16. Nxd5 exd5 17. Nc3 $18 (17. Bxd5 Bc6 $14)) ({Predecessor:} 14... Nd7 15. Nxd5 exd5 16. Nc3 Nf6 17. Rfd1 Rfd8 18. Nxd5 Nxd5 19. Rxd5 Rac8 20. e3 Bc4 21. Rxd8+ Rxd8 {1-0 (54) Kozionov,K (2466)-Mendonca,L (2418) Moscow 2020}) 15. Nxd5 Bxd5 16. Bxd5 exd5 17. Rd1 Rd8 18. Nc3 d4 19. Nb5 {[%emt 0:00:10] [#] Black must now prevent Nc7.} Nc6 20. Rac1 Rac8 21. Nxd4 Nxd4 $11 {[%emt 0:00:15] The position is equal.} 22. Rxc8 Nxe2+ 23. Kf1 {[%emt 0:00:03][%cal Rc8d8] [#]} Nxg3+ 24. hxg3 Rxc8 $16 {[%emt 0:00:05] KR-KR} 25. Rd7 Ra8 26. Rb7 h5 27. Kg2 g6 {[%emt 0:02:05] Weighted Error Value: White=0.14 (very precise) /Black=0.07 (flawless)} 1/2-1/2

[Event "Hungary Olimpic Hopes 2022"]
[Site "Tapolca"]
[Date "2022.06.24"]
[Round "3.2"]
[White "Gergely, Daniel"]
[Black "Bodrogi, Bendeguz"]
[Result "1-0"]
[ECO "A65"]
[WhiteElo "1964"]
[BlackElo "2198"]
[Annotator "TA"]
[PlyCount "75"]
[EventDate "2022.06.23"]
[EventType "swiss"]
[EventCountry "HUN"]
[SourceTitle "playchess.com"]
[Source "ChessBase"]
[SourceQuality "1"]
[TimeControl "5400+30"]

1. d4 Nf6 2. c4 c5 3. d5 e6 4. Nc3 exd5 5. cxd5 d6 6. e4 g6 7. Bd3 Bg7 8. h3 O-O 9. Nf3 Re8 10. O-O a6 11. a4 Nbd7 12. Bf4 c4 13. Bc2 {[%emt 0:14:44] White is more active.} ({Don't play} 13. Bxc4 $6 Nxe4 14. Nxe4 Rxe4 $11) 13... Nc5 {[%emt 0:01:27][%cal Rf6e4] A70: Modern Benoni: 6 e4 g6 7 Nf3.} 14. Re1 Nh5 15. Bh2 Qb6 {[%emt 0:30:53] White is better.} 16. Rb1 Bd7 {[#]} 17. Nd2 $1 Qc7 18. Nxc4 Nxe4 19. Rxe4 Rxe4 20. Nxe4 ({Don't take} 20. Bxd6 $6 Qxc4 21. Nxe4 Rc8 $16) 20... Qxc4 21. Nxd6 Qb4 {[#]} 22. Qe1 $146 ({Predecessor:} 22. Qf3 f5 23. g4 Bf8 24. Nxf5 Nf6 25. Ng3 Bg7 26. g5 Ne8 27. Ne4 Rc8 28. Qb3 {1-0 (68) Serikbay,A (2188)-Boiarintsev,V (2364) Moscow 2018}) 22... Qxe1+ 23. Rxe1 Kf8 24. Nxb7 {[%emt 0:01:51] aiming for Nc5.} Bxb2 25. Nc5 Nf6 26. Bd3 Bd4 (26... Bf5 {is a better defense.} 27. Bxf5 gxf5) 27. Nxd7+ $18 ({Less strong is} 27. Nxa6 Nxd5 28. Be5 Bxe5 29. Rxe5 Be6 $16) 27... Nxd7 28. d6 Nc5 29. Bc4 {[%emt 0:02:19][%cal Od6d7] Threatens to win with d7!} Bf6 30. Bd5 Re8 31. Rd1 Nxa4 32. Bc6 Nc3 (32... Nc5 {was called for.} 33. Bxe8 Kxe8) 33. d7 Rd8 (33... Re6 34. d8=Q+ Bxd8 35. Rxd8+ Ke7 36. Re8+ Kf6 37. Rxe6+ Kxe6) 34. Re1 {[%emt 0:01:01] White is clearly winning.} Nb5 35. Re8+ Kg7 36. Be5 Bxe5 37. Rxd8 Nd4 {[#]} 38. Rg8+ $3 {[%emt 0:00:37][%mdl 512] Black got outplayed after the opening.  Weighted Error Value: White=0.03 (flawless) /Black=0.25 (precise)} 1-0